 Dungeon Crawl Stone Soup version 0.30-a0-737-gf23d94013f (webtiles) character file.

Game seed: 13026313451173478769

2 frogsoup the Poker (level 1, -1/18 HPs)
             Began as a Human Berserker on Feb 1, 2023.
             Was a Follower of Trog.
             Slain by a goblin
             ... wielding a +0 club
              (2 damage)
             ... on level 1 of the Dungeon.
             The game lasted 00:01:00 (93 turns).

frogsoup the Poker (Human Berserker)                  Turns: 93, Time: 00:01:01

Health: -1/18      AC:  2    Str: 17    XL:     1   Next: 33%
Magic:  1/1        EV: 12    Int:  7    God:    Trog [*.....]
Gold:   0          SH:  0    Dex: 12    Spells: 0/0 levels left

rFire   . . .      SeeInvis .    a - +0 spear
rCold   . . .      Faith    .    (no shield)
rNeg    . . .      Spirit   .    b - +0 animal skin
rPois   .          Reflect  .    (no helmet)
rElec   .          Harm     .    (no cloak)
rCorr   .          Rampage  .    (no gloves)
Will    .....                    (no boots)
Stlth   +                        (no amulet)
HPRegen 0.23/turn                (no ring)
MPRegen 0.07/turn                (no ring)

@: no status effects
A: no striking features
a: Renounce Religion, Berserk


You were on level 1 of the Dungeon.
You worshipped Trog.
Trog was aware of your devotion.
You visited 1 branch of the dungeon, and saw 1 of its levels.

Inventory:

Hand Weapons
 a - a +0 spear (weapon)
Armour
 b - a +0 animal skin (worn)


   Skills:
 + Level 3.0 Fighting
 + Level 3.0 Polearms
 + Level 2.0 Armour
 + Level 2.0 Dodging


You couldn't memorise any spells.
You didn't know any spells.
Your spell library was empty.

Dungeon Overview and Level Annotations

Branches:
Dungeon (1/15)

Altars:


Message History

There is an open door here.
There is an open door here.
You see here a ball python corpse.
Found a scroll labelled EFUSIA ILOCHIO.
A goblin comes into view. It is wielding a +0 club.
Found 9 gold pieces.
The goblin shouts!
A hobgoblin comes into view.
A goblin comes into view. It is wielding a +0 dagger.
The goblin shouts!
The goblin hits you with a +0 club.
Found 5 boomerangs.
The hobgoblin misses you. The goblin barely misses you.
You hit the hobgoblin but do no damage. The goblin closely misses you.
The hobgoblin barely misses you.
You closely miss the goblin. The goblin barely misses you.
The hobgoblin barely misses you. The goblin hits you with a +0 dagger.
You barely miss the goblin. The hobgoblin hits you.
The goblin hits you but does no damage. The goblin barely misses you.
You hit the goblin.
You kill the goblin!
Trog accepts your kill. The hobgoblin misses you.
The goblin hits you but does no damage.
You hit the hobgoblin.
The hobgoblin is moderately wounded.
The hobgoblin closely misses you. The goblin hits you with a +0 club.
You closely miss the hobgoblin.
The hobgoblin is moderately wounded.
The goblin hits you with a +0 club. The hobgoblin completely misses you.
You hit the hobgoblin but do no damage.
The hobgoblin is moderately wounded.
The goblin hits you with a +0 club. The hobgoblin closely misses you.
You hit the hobgoblin.
The hobgoblin is severely wounded.
The hobgoblin barely misses you. The goblin misses you.
You hit the hobgoblin but do no damage.
The hobgoblin is severely wounded.
The hobgoblin hits you.
* * * LOW HITPOINT WARNING * * *
The goblin hits you with a +0 club.
You die...

#######.8#≈.#
'.....'..#≈.#
###'###'##≈.##
#.....#.#≈≈..# ###
#..#..#.#≈≈#.....#
#..#..#.#≈≈#####?##
'.8#8.'.†.........##
#..#..#.#≈≈#.......#
#..#..#.#≈≈#....@g.#
#.....#.#≈≈#....g)..$...
###+###'##≈######.##....
'.....'..#≈# ... ...
#######.<#≈# (... .
#≈≈≈≈≈####≈# ###...
≈≈≈≈≈≈≈≈≈≈≈# ##.
############


You could see a hobgoblin and a goblin.

Vanquished Creatures
  A goblin (D:1)
  A ball python (D:1)
2 creatures vanquished.

Notes
Turn   | Place    | Note
-------+----------+-------------------------------------------
     0 | D:1      | frogsoup the Human Berserker began the quest for the Orb.
     0 | D:1      | Reached XP level 1. HP: 18/18 MP: 1/1
    93 | D:1      | Slain by a goblin

Illustrated notes

Levels and vault maps discovered:
D:1:      heliophobic_arrival_glass_houses, layout_basic,
          nicolae_ecumenical_snake_handling, minmay_tall_x

Action                     || total
---------------------------++-------
  Melee: Spear             ||    10
 Armour: Animal skin       ||     2
  Dodge: Dodged            ||    13

Table legend: (Time is in decaauts)
 A = Elapsed time spent in this place.
 B = Non-inter-level travel time spent in this place.
 C = Inter-level travel time spent in this place.
 D = Time resting spent in this place.
 E = Time spent auto-exploring this place.
 F = Levels seen in this place.
 G = Mean time per level.
                   A        B        C        D        E       F      G
               +--------+--------+--------+--------+--------+-----+--------+
         Total |     92 |     25 |     67 |      0 |      0 |   1 |   92.0 |
       Dungeon |     92 |     25 |     67 |      0 |      0 |   1 |   92.0 |
               +--------+--------+--------+--------+--------+-----+--------+

Top non-repeatable levels by time:
     D:1: 92 daAuts
